 Dungeon Crawl Stone Soup version 0.26.1-11-gd32895ea62 (webtiles) character file.

Game seed: 3151838113207788389

198 Destapler the Grave Robber (level 5, -3/48 HPs)
             Began as a Deep Dwarf Necromancer on July 1, 2021.
             Slain by Menkaure (13 damage)
             ... on level 4 of the Dungeon.
             The game lasted 00:09:54 (3480 turns).

Destapler the Grave Robber (Deep Dwarf Necromancer) Turns: 3480, Time: 00:09:55

Health: -3/48      AC:  5    Str: 11    XL:     5   Next: 47%
Magic:  4/7        EV: 14    Int: 17    God:
Gold:   195        SH:  0    Dex: 13    Spells: 4/8 levels left

rFire    . . .     SeeInvis .   n - +0 hand axe
rCold    . . .     Faith    .   (no shield)
rNeg     . . .     Spirit   .   a - +0 robe
rPois    .         Reflect  .   (no helmet)
rElec    .         Harm     .   m - scarf {shadows}
rCorr    .         Rampage  .   g - +0 pair of gloves
Will     .....     Rnd*Tele +   (no boots)
Stlth    +++.......             e - amulet of the acrobat
HPRegen  0.00/turn              j - ring of teleportation (curse)
MPRegen  0.10/turn              l - ring of stealth

@: non-regenerating
A: damage resistance, heal wounds, talons 1, slimy green scales 1, sense
surroundings 1, robust 1, no regeneration
a: Heal Wounds


You were on level 4 of the Dungeon.
You visited 1 branch of the dungeon, and saw 4 of its levels.

You collected 195 gold pieces.

Inventory:

Hand Weapons
 n - a +0 hand axe (weapon)
Missiles
 o - 2 boomerangs
Armour
 a - a +0 robe (worn)
 g - a +0 pair of gloves (worn)
 m - a scarf of shadows (worn)
Jewellery
 e - an amulet of the acrobat (around neck)
 f - an uncursed ring of ice
 j - a cursed ring of teleportation (left hand)
 l - a ring of stealth (right hand)
Scrolls
 b - a scroll of enchant weapon {unknown}
 c - a scroll of enchant armour {unknown}
 d - 4 scrolls of identify {unknown}
 i - a scroll of fear {unknown}
 k - 4 scrolls of remove curse {unknown}
 q - a scroll of teleportation {unknown}
 r - a scroll of random uselessness {unknown}
Potions
 p - 2 potions of curing {unknown}


   Skills:
 + Level 1.1 Fighting
 + Level 1.1 Armour
 + Level 4.1 Dodging
 - Level 3.0 Stealth
 + Level 2.1 Spellcasting
 + Level 5.7 Necromancy


You had 4 spell levels left.
You knew the following spells:

 Your Spells              Type           Power        Failure   Level
a - Pain                  Necr           40%          1%          1
b - Vampiric Draining     Necr           5%           5%          3

Your spell library contained the following spells:

 Spells                   Type           Power        Failure   Level
 Animate Skeleton         Necr           20%          1%          1
 Animate Dead             Necr           5%           19%         4
 Agony                    Necr           10%          45%         5


Dungeon Overview and Level Annotations

Branches:
Dungeon (4/15)
 Temple: D:4-7

Altars:

Annotations:
D:4 Menkaure


Innate Abilities, Weirdness & Mutations

You are resistant to damage.
You can heal yourself by infusing magical energy.
You passively map a small area around you.
You do not regenerate.
You have sharp toenails.
You are partially covered in slimy green scales. (AC +2)
You are robust. (+10% HP)


Message History

You feel life coursing into your body.
You hit Menkaure.
Menkaure is moderately damaged.
Menkaure casts a spell.
Menkaure seems to speed up.
You hit Menkaure.
Menkaure is moderately damaged.
Menkaure hits you.
* * * LOW HITPOINT WARNING * * *
Menkaure hits you.
* * * LOW HITPOINT WARNING * * *
You barely miss Menkaure.
Menkaure is moderately damaged.
Menkaure closely misses you. Menkaure hits you.
* * * LOW HITPOINT WARNING * * *
It was a potion of mutation.
You feel extremely strange.
Slimy green scales grow over part of your body.
You feel robust.
Your toenails lengthen and sharpen.
Menkaure hits you!
You die...

, , , , , ,, * *, *
* * , ,,,#. #####
.,,,... #. *#...#..
....#. , , #..... ,
...#. , # * #... **
#.#.
,,..##.###.########
#...
....!M@.........#
#... ,
..#....#........#
#...
#.<.)#######..#
#... * #.(..#
#(.####... #....#
#.......## ,#....#
##.####.## , #.?..#
#.##..... * *
#.##.#.#. * ,
#..#.#.#.


You could see Menkaure (fast).

Vanquished Creatures
  A jelly (D:3)
  An orc wizard (D:3)
  Terence (D:2)
  A gnoll (D:1)
  4 adders
  An ooze (D:2)
  A worm (D:3)
  4 dart slugs
  4 orcs (D:3)
  4 giant cockroaches
  9 hobgoblins
  4 kobolds
  A quokka (D:3)
  2 ball pythons
  6 bats
  3 frilled lizards
  10 goblins
  4 rats (D:1)
61 creatures vanquished.

Notes
Turn   | Place    | Note
-------+----------+-------------------------------------------
     0 | D:1      | Destapler the Deep Dwarf Necromancer began the quest for
                  | the Orb.
     0 | D:1      | Reached XP level 1. HP: 15/15 MP: 3/3
   184 | D:1      | Reached XP level 2. HP: 22/22 MP: 0/4
   595 | D:1      | Reached skill level 5 in Necromancy
   595 | D:1      | Reached XP level 3. HP: 5/28 MP: 0/5
   666 | D:1      | Learned a level 3 spell: Vampiric Draining
  1566 | D:2      | Noticed Terence
  1585 | D:2      | Killed Terence
  1586 | D:2      | Reached XP level 4. HP: 23/36 MP: 1/5
  2913 | D:3      | Reached XP level 5. HP: 6/43 MP: 2/7
  3039 | D:3      | Reached skill level 1 in Fighting
  3039 | D:3      | Reached skill level 1 in Armour
  3464 | D:4      | Noticed Menkaure
  3480 | D:4      | Gained mutation: You are partially covered in slimy green
                  | scales. (AC +2) [potion of mutation]
  3480 | D:4      | Gained mutation: You are robust. (+10% HP) [potion of
                  | mutation]
  3480 | D:4      | Gained mutation: You have sharp toenails. [potion of
                  | mutation]
  3480 | D:4      | Slain by Menkaure

Illustrated notes

Levels and vault maps discovered:
D:1:      dpeg_cavernosity, layout_basic, st_stairs_9,
          chequers_serial_rivers_micro_d
D:2:      layout_basic, minmay_circle_x, uniq_terence
D:3:      layout_rooms
D:4:      layout_basic, uniq_menkaure, uniq_duvessa, uniq_pikel

Skill      XL: |  1  2  3  4  5 |
---------------+----------------+-----
Dodging        | 3 4 |  4.1
Necromancy     | 5 |  5.7
Spellcasting   | 2 |  2.1
Fighting       | 1 |  1.1
Armour         | 1 |  1.1
Stealth        | 3 |  3.0

Action                   |  1- 3 |  4- 6 || total
-------------------------+-------+-------++-------
Melee: Whip              |    47 |    65 ||   112
       Hand axe          |       |    10 ||    10
 Cast: Pain              |    52 |    15 ||    67
       Vampiric Draining |     1 |    15 ||    16
 Abil: Heal Wounds       |     1 |     1 ||     2
  Use: Potion            |       |     1 ||     1
 Stab: Sleeping          |     2 |     1 ||     3
Armor: Robe              |     9 |    14 ||    23
Dodge: Dodged            |    32 |    83 ||   115
